 Dungeon Crawl Stone Soup version 0.29-a0-330-g52719c12eb (webtiles) character file.

Game seed: 1457564149074288815

1343 kae the Firebug (level 8, -3/41 HPs)
             Began as a Tengu Fire Elementalist on Apr 23, 2022.
             Slain by a gnoll sergeant
             ... wielding a +0 trident
              (12 damage)
             ... on level 5 of the Dungeon.
             The game lasted 00:04:35 (7431 turns).

kae the Firebug (Tengu Fire Elementalist)           Turns: 7431, Time: 00:04:35

Health: -3/41      AC:  3    Str:  9    XL:     8   Next: 62%
Magic:  10/15      EV: 29    Int: 17    God:
Gold:   276        SH:  0    Dex: 15    Spells: 7/16 levels left

rFire   . . .      SeeInvis .   o - +1 dagger (flame)
rCold   . . .      Faith    .   (no shield)
rNeg    . . .      Spirit   .   a - +0 robe
rPois   .          Reflect  .   (helmet restricted)
rElec   .          Harm     .   (no cloak)
rCorr   .          Rampage  .   n - +0 pair of gloves
Will    .....                   (boots unavailable)
Stlth   ++........              g - amulet of the acrobat
HPRegen 0.13/turn               (no ring)
MPRegen 0.14/turn               (no ring)

@: acrobatic, flying quickly and evasively, quick
A: beak, talons 3, nimble flight
a: no special abilities


You were on level 5 of the Dungeon.
You visited 1 branch of the dungeon, and saw 5 of its levels.
You also visited: Sewer.

You collected 276 gold pieces.

Inventory:

Hand Weapons
 o - a +1 dagger of flaming (weapon)
Armour
 a - a +0 robe (worn)
 n - a +0 pair of gloves (worn)
 p - the +5 chain mail "Kerea" {+Inv rElec Str-4 Slay+5}
   (You found it on level 2 of the Dungeon)

   Str:       It affects your strength (-4).
   Slay:      It affects your accuracy & damage with ranged weapons and melee
   (+5).
   rElec:     It insulates you from electricity.
   +Inv:      It lets you turn invisible.
Jewellery
 g - an amulet of the acrobat (around neck)
Wands
 k - a wand of iceblast (20)
Scrolls
 c - 5 scrolls of teleportation
 i - 2 scrolls of immolation
 m - a scroll of blinking
 q - a scroll of summoning
 s - a scroll of vulnerability {unknown}
 t - a scroll of silence {unknown}
Potions
 b - 2 potions of magic
 d - 4 potions of attraction
 e - 2 potions of berserk rage
 f - 5 potions of curing
 h - a potion of heal wounds
 j - a potion of flight
 l - 2 potions of brilliance {unknown}
 r - a potion of might {unknown}


   Skills:
 + Level 4.5 Armour
 - Level 2.1 Dodging
 - Level 2.0 Stealth
 + Level 4.6 Spellcasting
 + Level 6.0 Conjurations
 * Level 7.9 Fire Magic


You had 7 spell levels left.
You knew the following spells:

 Your Spells              Type           Power      Damage    Failure   Level
a - Foxfire               Conj/Fire      100%       2x1d9     1%          1
b - Scorch                Fire           62%        2d8       1%          2
c - Conjure Flame         Conj/Fire      27%        6-21      2%          3
d - Inner Flame           Hex/Fire       17%        N/A       9%          3

Your spell library contained the following spells:

 Spells                   Type           Power      Damage    Failure   Level
 Magic Dart               Conj           96%        1d7       1%          1
 Flame Wave               Conj/Fire      27%        2d7       9%          4
 Mephitic Cloud           Conj/Pois/Air  10%        N/A       19%         3
 Call Imp                 Summ           3%         N/A       22%         2


Dungeon Overview and Level Annotations

Branches:
Dungeon (5/15)              Sewer (visited)
 Temple: D:4-7

Altars:
Sif Muna


Innate Abilities, Weirdness & Mutations

You have a beak for a mouth.
You have claws for feet.
Your magical nature lets you fly swiftly and evasively.


Message History

The gnoll sergeant hits you from afar with a +0 trident.
The gnoll sergeant hits you from afar with a +0 trident!
A gnoll comes into view. It is wielding a +0 club.
The gnoll shouts!
Casting: Scorch (safe; 1% risk of failure)
Confirm with . or Enter, or press ? or * to list all spells.
You conjure some foxfire!
The foxfire hits the gnoll sergeant but does no damage.
The foxfire hits the gnoll sergeant.
The gnoll sergeant is lightly wounded.
The gnoll sergeant hits you from afar with a +0 trident!
A gnoll comes into view. It is wielding a +0 flail.
Casting: Foxfire (safe; 1% risk of failure)
Confirm with . or Enter, or press ? or * to list all spells.
You conjure some foxfire!
The gnoll sergeant hits you from afar with a +0 trident!
The foxfire hits the gnoll.
The gnoll is heavily wounded.
The foxfire hits the gnoll sergeant but does no damage.
The gnoll sergeant is lightly wounded.
The gnoll sergeant closely misses you.
There is a stone staircase leading up here.
Casting: Foxfire (safe; 1% risk of failure)
Confirm with . or Enter, or press ? or * to list all spells.
You conjure some foxfire!
The foxfire hits the gnoll.
The gnoll is severely wounded.
The foxfire hits the gnoll.
You kill the gnoll!
Casting: Foxfire (safe; 1% risk of failure)
Confirm with . or Enter, or press ? or * to list all spells.
You conjure some foxfire!
The gnoll sergeant hits you from afar with a +0 trident.
* * * LOW HITPOINT WARNING * * *
The foxfire hits the gnoll sergeant but does no damage.
The gnoll sergeant is lightly wounded.
The foxfire hits the gnoll sergeant.
The gnoll sergeant is lightly wounded.
The gnoll sergeant hits you from afar with a +0 trident!
You die...

......###........##..........#...
###'#.###....###.##..............
###'#.....<....).##..............
.................##.............)
##................#.##+#######...
.........#........#.#.......##...
#........#.#........#............
.........#.#...§§................
.....#####.'...§@)g..............
.......#####....§................
.......'...+...###..g..........).
.......#####.....................
#..................>......##.....
#.........................##.....
#...........................#....
....#.......................#....
.........##.................#....


You could see a gnoll sergeant and a gnoll.

Vanquished Creatures
  Grinder (D:5)
  A water moccasin (D:5)
  An ice beast (D:5)
  Pargi (Sewer)
  3 ogres (D:5)
  A phantom (D:5)
  2 necrophages
  2 hounds
  A jelly (D:3)
  An orc priest (D:5)
  Jessica (D:3)
  Ijyb (D:3)
  2 orc wizards (D:4)
  5 gnolls (D:5)
  4 adders
  4 worms
  A dart slug (D:4)
  11 orcs
  5 endoplasms
  5 giant cockroaches
  12 goblins
  3 hobgoblins
  2 jackals (D:5)
  5 kobolds
  2 quokkas (D:3)
  13 ball pythons
  4 bats (D:2)
  3 frilled lizards
  2 rats (D:2)
99 creatures vanquished.

Vanquished Creatures (others)
  383 foxfires
  7 plants (D:2)
390 creatures vanquished.

Grand Total: 489 creatures vanquished

Notes
Turn   | Place    | Note
-------+----------+-------------------------------------------
     0 | D:1      | kae the Tengu Fire Elementalist began the quest for the
                  | Orb.
     0 | D:1      | Reached XP level 1. HP: 10/10 MP: 4/4
  1148 | D:2      | Reached XP level 2. HP: 15/15 MP: 4/6
  1873 | D:2      | Reached skill level 4 in Fire Magic
  1873 | D:2      | Reached XP level 3. HP: 19/19 MP: 4/7
  1906 | D:2      | Learned a level 2 spell: Scorch
  1910 | D:2      | Learned a level 3 spell: Conjure Flame
  2200 | D:2      | Identified the +5 chain mail "Kerea" {+Inv rElec Str-4
                  | Slay+5}
  2472 | D:2      | Found a faded altar of an unknown god.
  2940 | D:3      | Noticed Ijyb
  2999 | D:3      | Killed Ijyb
  3000 | D:3      | Reached XP level 4. HP: 4/24 MP: 5/8
  3680 | D:3      | Reached skill level 1 in Armour
  3722 | D:3      | Noticed Jessica
  3729 | D:3      | Killed Jessica
  3785 | D:3      | Found a shimmering blue altar of Sif Muna.
  3943 | D:3      | Gained mutation: Your magical nature lets you fly swiftly
                  | and evasively. [Tengu growth]
  3943 | D:3      | Reached XP level 5. HP: 28/28 MP: 8/10
  4135 | D:3      | Reached skill level 5 in Fire Magic
  4924 | D:4      | Reached XP level 6. HP: 32/32 MP: 11/11
  5284 | D:4      | Learned a level 3 spell: Inner Flame
  5842 | D:5      | Entered Level 5 of the Dungeon
  5842 | D:5      | Noticed an ice beast
  5967 | D:5      | Found a glowing drain.
  5980 | Sewer    | Entered a sewer
  6158 | Sewer    | Noticed Pargi
  6169 | Sewer    | Killed Pargi
  6170 | Sewer    | Reached skill level 6 in Fire Magic
  6170 | Sewer    | Reached XP level 7. HP: 25/36 MP: 5/13
  6671 | D:5      | Reached skill level 5 in Conjurations
  6741 | D:5      | Reached skill level 7 in Fire Magic
  6741 | D:5      | Reached XP level 8. HP: 41/41 MP: 9/15
  6866 | D:5      | Noticed Grinder
  6888 | D:5      | Killed Grinder
  7431 | D:5      | Slain by a gnoll sergeant

Illustrated notes

Levels and vault maps discovered:
D:1:      moated_graveyard_arrival, layout_basic, dk_noncrumbling_4,
          interstate_on_off, minmay_tromino_v4_c
D:2:      layout_basic, shapermc_ecumenical_altar_pompeii,
          guppyfry_early_lair_pool
D:3:      layout_basic, tgw_sif, uniq_ijyb
D:4:      layout_loops_corners
D:5:      layout_basic, portal_sewer_entry_d, pf_guarded_unrand_woodcutter,
          uniq_grinder

Skill      XL: |  1  2  3  4  5  6  7  8 |
---------------+-------------------------+-----
Conjurations   | 2 3 4 5 6 |  6.0
Fire Magic     | 4 5 6 7 |  7.9
Armour         | 1 2 3 4 |  4.5
Spellcasting   | 3 4 |  4.6
Dodging        | |  2.1
Stealth        | |  2.0

Action                   |  1- 3 |  4- 6 |  7- 9 || total
-------------------------+-------+-------+-------++-------
Melee: Unarmed           |    13 |       |       ||    13
       Kick              |     5 |     1 |       ||     6
       Dagger            |     8 |     3 |       ||    11
       Peck              |     3 |       |       ||     3
 Cast: Foxfire           |    89 |    68 |    68 ||   225
       Scorch            |     5 |    20 |    15 ||    40
       Conjure Flame     |       |       |     2 ||     2
  Use: Scroll            |     7 |     6 |     1 ||    14
       Potion            |     1 |     1 |       ||     2
 Stab: Sleeping          |       |     1 |       ||     1
Armor: Robe              |    16 |     6 |       ||    22
Dodge: Dodged            |    22 |    16 |    22 ||    60

Table legend: (Time is in decaauts)
 A = Elapsed time spent in this place.
 B = Non-inter-level travel time spent in this place.
 C = Inter-level travel time spent in this place.
 D = Time resting spent in this place.
 E = Time spent auto-exploring this place.
 F = Levels seen in this place.
 G = Mean time per level.
                   A        B        C        D        E       F      G
               +--------+--------+--------+--------+--------+-----+--------+
         Total |   7271 |   6980 |    291 |    632 |   5407 |   6 | 1211.8 |
       Dungeon |   6986 |   6695 |    291 |    632 |   5160 |   5 | 1397.2 |
         Sewer |    285 |    285 |      0 |      0 |    246 |   1 |  285.0 |
               +--------+--------+--------+--------+--------+-----+--------+

Top non-repeatable levels by time:
     D:3: 1682 daAuts
     D:4: 1594 daAuts
     D:2: 1498 daAuts
     D:1: 1141 daAuts
     D:5: 1070 daAuts
   Sewer: 285 daAuts
